 Dungeon Crawl Stone Soup version 0.20.1-1-g8b1a95d (webtiles) character file.

88 Jannitor the Magician (level 4, -2/30 HPs)
             Began as a Mummy Fire Elementalist on Sept 26, 2017.
             Was an Initiate of Kikubaaqudgha.
             Slain by Grinder (10 damage)
             ... while paralysed by Grinder
             ... on level 3 of the Dungeon.
             The game lasted 00:05:57 (2608 turns).

Jannitor the Magician (Mummy Fire Elementalist)     Turns: 2608, Time: 00:05:58

Health: -2/30      AC:  5    Str: 11    XL:     4   Next: 29%
Magic:  5/9        EV:  2    Int: 20    God:    Kikubaaqudgha [......]
Gold:   77         SH:  0    Dex: 12    Spells: 2/10 levels left

rFire    x . .     SeeInvis .   i - +0 dagger (elec)
rCold    + . .     Gourm    .   (no shield)
rNeg     + + +     Faith    .   a - +0 robe
rPois    ∞         Spirit   .   (no helmet)
rElec    .         Reflect  .   (no cloak)
rCorr    .         Harm     .   o - +1 pair of gloves
MR       +....                  q - +0 pair of boots
Stlth    ++........             (no amulet)
Regen    0.1/turn               m - +5 ring of intelligence
MPRegen  0.2/turn               p - ring of protection from magic

@: paralysed, very slightly contaminated
A: no food or potions, fire vulnerability, cold resistance 1, negative energy
resistance 3, torment resistance, unbreathing
a: Renounce Religion


You were on level 3 of the Dungeon.
You worshipped Kikubaaqudgha.
Kikubaaqudgha was noncommittal.
You were not hungry.

You visited 1 branch of the dungeon, and saw 3 of its levels.

You collected 77 gold pieces.

Inventory:

Hand Weapons
 e - a +0 short sword
 i - a +0 dagger of electrocution (weapon)
Armour
 a - a +0 robe (worn)
 c - a +0 buckler
 h - a +0 pair of gloves
 o - a +1 pair of gloves (worn)
 q - a +0 pair of boots (worn)
Jewellery
 m - a +5 ring of intelligence (left hand)
 n - a cursed ring of teleportation {unknown}
 p - a ring of protection from magic (right hand)
Scrolls
 d - 2 scrolls of recharging
 f - 3 scrolls of identify
 g - 5 scrolls of remove curse
 j - a scroll of magic mapping
 k - 2 scrolls of blinking
 l - a scroll of amnesia
Books
 b - a book of Flames

   Spells                             Type                      Level
   a - Flame Tongue                   Conjuration/Fire             1
   b - Throw Flame                    Conjuration/Fire             2
   c - Conjure Flame                  Conjuration/Fire             3
   d - Inner Flame                    Hexes/Fire                   3
   e - Sticky Flame                   Conjuration/Fire             4
   f - Fireball                       Conjuration/Fire             5


   Skills:
 - Level 1.5 Dodging
 - Level 1.5 Stealth
 + Level 3.8 Spellcasting
 + Level 1.6 Conjurations
 + Level 3.4 Fire Magic


You had 2 spell levels left.
You knew the following spells:

 Your Spells              Type           Power        Failure   Level  Hunger
a - Flame Tongue          Conj/Fire      ##...        4%          1    N/A
b - Conjure Flame         Conj/Fire      ##......     14%         3    N/A
c - Sticky Flame          Conj/Fire      ##......     43%         4    N/A

Dungeon Overview and Level Annotations

Branches:
Dungeon (3/15)

Altars:
Cheibriados
Kikubaaqudgha
Uskayaw

Annotations:
D:3 Grinder


Innate Abilities, Weirdness & Mutations

You do not eat or drink.
Your flesh is vulnerable to fire.
You are immune to poison.
Your flesh is cold resistant. (rC+)
You are immune to negative energy. (rN+++)
You are immune to unholy pain and torment.
You can survive without breathing.


Message History

g - 5 scrolls of remove curse (gained 1)
There is a stone staircase leading down here.
Grinder shouts!
Grinder is too close now for your liking.
Casting: Flame Tongue
Confirm with . or Enter, or press ? or * to list all spells.
Aiming: Sticky Flame
Press: ? - help, Shift-Dir - straight line, f - Grinder
Aim: Grinder You miscast Sticky Flame.
You are very lightly contaminated with residual magic.
Wisps of smoke drift from your hands. Grinder hits you!
Grinder gestures at you.
You suddenly lose the ability to move!
Grinder hits you! Grinder hits you.
* * * LOW HITPOINT WARNING * * *
Grinder hits you!
You die...
Kikubaaqudgha rasps: "You have failed me!
Welcome... oblivion!"

#.## ##.#####...####### #.#
#.......#.......## #.##
##.#####..........###.## ##.##
##.## #................
##.###.#######.#######..###.#.
##....##......†...###..#
##.#.##.####.#.....#..#
##.........##.#...#....####..
##..........##@#####.†.......#
#........>..##5# ##.#.#####..
#....#.......#.####....#####..
#.#.##.#####.....#..#.<.......
#.#..#.# #.###.#....##.###..
##.#....# #..........# .#
##...#.#.# #..##.###..# #
#.###....#####.....# #..# #.#
#.............####..#


You could see Grinder.

Vanquished Creatures
  5 adders
  A dart slug (D:2)
  A leopard gecko (D:1)
  2 giant cockroaches (D:2)
  6 goblins
  8 hobgoblins
  A jackal (D:3)
  A ball python (D:1)
  7 bats
  4 frilled lizards
  A kobold (D:1)
  4 rats
41 creatures vanquished.

Notes
Turn   | Place    | Note
-------+----------+-------------------------------------------
     0 | D:1      | Jannitor the Mummy Fire Elementalist began the quest for the Orb.
     0 | D:1      | Reached XP level 1. HP: 13/13 MP: 4/4
   198 | D:1      | Reached skill level 1 in Conjurations
   341 | D:1      | Reached XP level 2. HP: 19/19 MP: 3/5
  1173 | D:2      | Found an ancient bone altar of Kikubaaqudgha.
  1197 | D:2      | Became a worshipper of Kikubaaqudgha
  1359 | D:2      | Reached XP level 3. HP: 24/24 MP: 2/7
  1673 | D:2      | Found a snail-covered altar of Cheibriados.
  1748 | D:2      | Found a hide-covered altar of Uskayaw.
  1843 | D:2      | Learned a level 3 spell: Conjure Flame
  2266 | D:3      | Reached XP level 4. HP: 30/30 MP: 7/9
  2412 | D:3      | Noticed Grinder
  2466 | D:2      | Learned a level 4 spell: Sticky Flame
  2604 | D:3      | Paralysed by Grinder for 6 turns
  2608 | D:3      | Slain by Grinder

Skill      XL: |  1  2 |
---------------+-------+-----
Conjurations   | 1 |  1.6
Spellcasting   | 3 |  3.8
Fire Magic     | 3 |  3.4
Dodging        | |  1.5
Stealth        | |  1.5

Action                   |  1- 3 |  4- 6 || total
-------------------------+-------+-------++-------
Melee: Short sword       |     1 |       ||     1
 Cast: Flame Tongue      |    64 |     9 ||    73
  Use: Scroll            |       |     7 ||     7
Armor: Robe              |     7 |       ||     7
Dodge: Dodged            |    24 |     4 ||    28
